Comets vs Thunderbirds
Created - February 12, 2022 at 22:21
Goals
|
| Comets |
3 |
0 |
1 |
4 |
| Thunderbirds |
1 |
1 |
0 |
2 |
|
Shots
|
| Comets |
9 |
7 |
7 |
23 |
| Thunderbirds |
7 |
18 |
9 |
34 |
|
1st period
1. Comets , Christian Fischer 6 (Oliver Kylington 6, Taylor Beck 20) at 3:00
2. Comets , Phil Di Giuseppe 4 (William Lagesson 2, Juho Lammikko 4) at 7:52
3. Comets , Christian Fischer 7 (Taylor Beck 21, Brendan Gaunce 26) at 10:05
4. Thunderbirds , Valentin Zykov 22 (Quinton Howden 26, Tom Kuhnhackl 12) at 12:37
Penalties :
Jordan Gross (Uti) for High sticking (Minor) at 4:49, Seth Helgeson (Uti) for Interference (Minor) at 13:03, Quinton Howden (Spr) for High sticking (Minor) at 19:11
2nd period
5. Thunderbirds , Griffin Reinhart 7 (Clayton Keller 5, Tanner Laczynski 3) at 3:01
Penalties :
Roberts Lipsbergs (Spr) for Holding (Minor) at 9:05, Seth Helgeson (Uti) for Roughing (Minor) at 15:07
3rd period
6. Comets , Phil Di Giuseppe 5 (Juuso Riikola 3) at 13:45
Penalties :
Kurtis Macdermid (Uti) for Interference (Minor) at 2:53, Taylor Beck (Uti) for Interference (Minor) at 3:16, Valentin Zykov (Spr) for Interference (Minor) at 14:27
Goalie Stats
Alexandar Georgiev (Uti), 32 saves from 34 shots - (0.941), W, 10-6-6, 60:00 minutes
Igor Bobkov (Spr), 19 saves from 23 shots - (0.826), L, 6-6-1, 60:00 minutes
Players Stats for Comets
Player Name G A P +/- PIM S H SB GA TA FO MP PP MP PK MP
------------------------------------------------------------------------------------
Andrej Nestrasil 0 0 0 -2 0 1 3 0 0 1 7/19 20:54 2:42 5:01
Anton Karlsson 0 0 0 0 0 0 0 0 0 0 0/0 2:30 0:00 0:49
Axel Holmstrom 0 0 0 0 0 0 0 0 0 0 0/1 2:13 0:00 0:44
Brendan Gaunce 0 1 1 2 0 2 2 0 0 1 14/30 20:04 3:15 0:00
Christian Fischer 2 0 2 2 0 2 2 0 0 1 0/0 18:15 3:15 0:00
Dennis Everberg 0 0 0 -2 0 1 1 0 0 0 1/2 14:14 2:42 0:00
Jordan Gross 0 0 0 0 2 0 1 0 0 0 0/0 4:17 0:00 0:00
Joshua Leivo 0 0 0 0 0 0 1 0 0 0 0/0 12:05 0:00 1:15
Juho Lammikko 0 1 1 2 0 1 0 0 1 0 0/0 9:47 0:00 0:00
Justin Bailey 0 0 0 -2 0 2 3 0 1 0 0/0 15:53 2:42 2:01
Juuso Riikola 0 1 1 2 0 0 0 1 1 1 0/0 19:58 2:02 2:51
Kurtis Macdermid 0 0 0 2 2 0 3 0 0 1 0/0 19:01 2:02 1:55
Mackenzie MacEachern 0 0 0 0 0 0 0 0 0 0 0/0 0:00 0:00 0:00
Nicolas Petan 0 0 0 0 0 1 0 1 0 0 0/2 3:42 0:00 1:21
Oliver Kylington 0 1 1 0 0 0 2 1 0 0 0/0 13:23 0:00 3:01
Phil Di Giuseppe 2 0 2 2 0 2 2 0 1 0 0/0 9:30 0:00 0:00
Rasmus Asplund 0 0 0 0 0 0 0 0 0 0 0/0 0:00 0:00 0:00
Seth Helgeson 0 0 0 0 4 3 1 1 0 1 0/0 26:44 3:55 2:44
Taylor Beck 0 2 2 2 2 2 3 1 0 1 0/1 20:50 3:15 3:49
Taylor Leier 0 0 0 0 0 0 0 0 0 0 0/0 0:00 0:00 0:00
Teemu Pulkkinen 0 0 0 0 0 2 0 0 1 0 0/0 9:37 0:00 0:00
Tyler Graovac 0 0 0 2 0 2 2 0 0 0 0/0 9:30 0:00 0:00
Wiley Sherman 0 0 0 0 0 2 0 1 1 0 0/0 25:53 3:55 5:28
William Lagesson 0 1 1 0 0 0 1 0 0 0 0/0 11:40 0:00 0:40
William Lockwood 0 0 0 0 0 0 0 0 0 0 0/0 0:00 0:00 0:00
Players Stats for Thunderbirds
Player Name G A P +/- PIM S H SB GA TA FO MP PP MP PK MP
------------------------------------------------------------------------------------
Clayton Keller 0 1 1 1 0 2 1 0 0 0 0/0 8:09 0:00 0:00
Elias Lindholm 0 0 0 0 0 0 3 2 1 0 4/7 18:10 3:28 2:16
Griffin Reinhart 1 0 1 1 0 5 1 2 1 0 0/0 26:11 5:05 1:52
Hudson Fasching 0 0 0 0 0 2 2 0 0 1 0/0 16:58 3:28 1:16
Jake Walman 0 0 0 -2 0 0 1 0 0 1 0/0 12:01 0:00 0:00
John Draeger 0 0 0 -1 0 1 4 1 1 1 0/0 21:48 3:14 4:05
Kirill Kaprizov 0 0 0 0 0 4 2 0 1 1 2/4 18:01 3:28 1:53
Matt Puempel 0 0 0 -3 0 2 1 0 0 0 0/0 12:03 0:00 0:46
Michal Jordan 0 0 0 0 0 2 0 0 2 0 0/0 20:08 3:14 1:52
Mitchell Heard 0 0 0 -3 0 1 1 0 0 1 2/4 11:02 0:00 0:00
Nelson Nogier 0 0 0 -2 0 0 0 0 0 0 0/0 12:01 0:00 0:00
Nicklas Jensen 0 0 0 -3 0 2 0 0 1 0 0/0 11:02 0:00 0:00
Niklas Hansson 0 0 0 0 0 0 1 0 0 0 0/0 27:51 5:05 4:05
Quinton Howden 0 1 1 0 2 5 2 0 0 0 22/33 20:49 4:51 2:04
Roberts Lipsbergs 0 0 0 1 2 1 0 0 0 0 0/0 8:21 0:00 0:00
Tanner Laczynski 0 1 1 1 0 0 2 0 0 0 0/2 8:09 0:00 0:00
Tom Kuhnhackl 0 1 1 0 0 3 1 1 0 1 0/0 22:26 4:51 3:39
Valentin Zykov 1 0 1 0 2 4 2 1 0 0 3/5 18:50 4:51 0:00
3 Stars
1 - Phil Di Giuseppe (Uti)
2 - Christian Fischer (Uti)
3 - Taylor Beck (Uti)
Power Play
Comets - 0 on 3 Attempt(s) - 0.00%
Thunderbirds - 0 on 5 Attempt(s) - 0.00%
Penalty Kill
Comets - 5 on 5 Attempt(s) - 100.00%
- Score 0 goal in Penalty Kill
Thunderbirds - 3 on 3 Attempt(s) - 100.00%
- Score 0 goal in Penalty Kill
Team Stat
Comets - Hits : 27 - Faceoff Wins : 22 - Blocked Shots : 6 - Penalty Minutes : 10
Thunderbirds - Hits : 24 - Faceoff Wins : 33 - Blocked Shots : 7 - Penalty Minutes : 6
Official
Referees : Dan O'Rourke and Brian Pochmara
Linesman : Derek Amell and Ryan Gibbons
Game Notes
Nicolas Petan is injured at 17:53 of 1st period (Sprained Left Knee)
Finance
Level 1 -- Attendance: 1681 (84.05%) -- Ticket Income $58,835
Level 2 -- Attendance: 942 (94.20%) -- Ticket Income $14,130
Total Attendance: 2623 (87.43%)
Total Ticket Income: $72,965
Other Income: $3,648
Total Income: $76,613
Comets
5 vs 5 Forward
Center Left Wing Right Wing Time % Phy DF OF
1 Brendan Gaunce Taylor Beck Christian Fischer 52 0 0 5
2 Andrej Nestrasil Justin Bailey Dennis Everberg 33 1 2 2
3 Nicolas Petan Teemu Pulkkinen Joshua Leivo 10 1 2 2
4 Tyler Graovac Phil Di Giuseppe Juho Lammikko 5 1 2 2
5 vs 5 Defense
Defense Defense Time % Phy DF OF
1 Seth Helgeson Wiley Sherman 40 1 2 2
2 Juuso Riikola Kurtis Macdermid 30 1 2 2
3 Oliver Kylington William Lagesson 20 1 2 2
4 Jordan Gross Seth Helgeson 10 1 2 2
PowerPlay Forward
Center Left Wing Right Wing Time % Phy DF OF
1 Brendan Gaunce Taylor Beck Christian Fischer 60 0 2 3
2 Andrej Nestrasil Justin Bailey Dennis Everberg 40 1 2 2
PowerPlay Defense
Defense Defense Time % Phy DF OF
1 Seth Helgeson Wiley Sherman 60 1 2 2
2 Juuso Riikola Kurtis Macdermid 40 1 2 2
Penalty Kill 4 Players Forward
Center Wing Time % Phy DF OF
1 Andrej Nestrasil Taylor Beck 60 1 2 2
2 Nicolas Petan Justin Bailey 40 1 2 2
Penalty Kill 4 Players Defense
Defense Defense Time % Phy DF OF
1 Seth Helgeson Wiley Sherman 60 1 2 2
2 Juuso Riikola Kurtis Macdermid 40 1 2 2
Penalty Kill - 3 Players Forward
Forward Time % Phy DF OF
1 Andrej Nestrasil 60 1 2 2
2 Nicolas Petan 40 1 2 2
Penalty Kill - 3 Players Defense
Defense Defense Time % Phy DF OF
1 Seth Helgeson Wiley Sherman 60 1 2 2
2 Juuso Riikola Kurtis Macdermid 40 1 2 2
4 vs 4 Forward
Center Wing Time % Phy DF OF
1 Brendan Gaunce Taylor Beck 60 1 2 2
2 Nicolas Petan Justin Bailey 40 1 2 2
4 vs 4 Defense
Defense Defense Time % Phy DF OF
1 Seth Helgeson Wiley Sherman 60 1 2 2
2 Juuso Riikola Kurtis Macdermid 40 1 2 2
Last Minutes Offensive
Center Left Wing Right Wing Defense Defense
Brendan Gaunce Taylor Beck Christian Fischer Seth Helgeson Wiley Sherman
Last Minutes Defensive
Center Left Wing Right Wing Defense Defense
Andrej Nestrasil Taylor Beck Dennis Everberg Seth Helgeson Wiley Sherman
Goaltenders
Starting : Alexandar Georgiev
Backup : Thatcher Demko
Extra Forwards
Normal : Joshua Leivo, Brendan Gaunce, Christian Fischer - PP : Brendan Gaunce, Andrej Nestrasil - PK : Joshua Leivo
Extra Defensemen
Normal : Oliver Kylington, William Lagesson, Jordan Gross - PP : Oliver Kylington - PK : Oliver Kylington, William Lagesson
Penalty Shots
Dennis Everberg, Taylor Beck, Justin Bailey, Teemu Pulkkinen, Joshua Leivo
Scratches
Jaedon Descheneau (Healthy), Jeremy Roy (Healthy), Thomas DiPauli (Healthy), Dmitry Sokolov (Healthy), Marek Langhamer (Healthy)
Thunderbirds
5 vs 5 Forward
Center Left Wing Right Wing Time % Phy DF OF
1 Quinton Howden Valentin Zykov Tom Kuhnhackl 40 0 2 3
2 Elias Lindholm Kirill Kaprizov Hudson Fasching 30 0 2 3
3 Mitchell Heard Matt Puempel Nicklas Jensen 20 1 2 2
4 Tanner Laczynski Roberts Lipsbergs Clayton Keller 10 0 2 3
5 vs 5 Defense
Defense Defense Time % Phy DF OF
1 Griffin Reinhart Niklas Hansson 40 0 2 3
2 Michal Jordan John Draeger 30 1 2 2
3 Nelson Nogier Jake Walman 20 1 2 2
4 Griffin Reinhart Niklas Hansson 10 0 2 3
PowerPlay Forward
Center Left Wing Right Wing Time % Phy DF OF
1 Quinton Howden Valentin Zykov Tom Kuhnhackl 60 0 1 4
2 Elias Lindholm Kirill Kaprizov Hudson Fasching 40 0 1 4
PowerPlay Defense
Defense Defense Time % Phy DF OF
1 Griffin Reinhart Niklas Hansson 60 0 2 3
2 Michal Jordan John Draeger 40 0 2 3
Penalty Kill 4 Players Forward
Center Wing Time % Phy DF OF
1 Quinton Howden Tom Kuhnhackl 60 1 3 1
2 Elias Lindholm Hudson Fasching 40 1 3 1
Penalty Kill 4 Players Defense
Defense Defense Time % Phy DF OF
1 John Draeger Niklas Hansson 60 1 4 0
2 Griffin Reinhart Michal Jordan 40 1 4 0
Penalty Kill - 3 Players Forward
Forward Time % Phy DF OF
1 Quinton Howden 60 1 3 1
2 Tom Kuhnhackl 40 1 3 1
Penalty Kill - 3 Players Defense
Defense Defense Time % Phy DF OF
1 John Draeger Niklas Hansson 60 1 4 0
2 Griffin Reinhart Michal Jordan 40 1 4 0
4 vs 4 Forward
Center Wing Time % Phy DF OF
1 Quinton Howden Valentin Zykov 60 0 2 3
2 Elias Lindholm Kirill Kaprizov 40 0 2 3
4 vs 4 Defense
Defense Defense Time % Phy DF OF
1 Griffin Reinhart Niklas Hansson 60 0 2 3
2 Michal Jordan John Draeger 40 0 2 3
Last Minutes Offensive
Center Left Wing Right Wing Defense Defense
Quinton Howden Valentin Zykov Tom Kuhnhackl Griffin Reinhart Niklas Hansson
Last Minutes Defensive
Center Left Wing Right Wing Defense Defense
Quinton Howden Valentin Zykov Tom Kuhnhackl John Draeger Niklas Hansson
Goaltenders
Starting : Igor Bobkov
Backup : Artyom Zagidulin
Extra Forwards
Normal : Kirill Kaprizov, Valentin Zykov, Elias Lindholm - PP : Kirill Kaprizov, Valentin Zykov - PK : Kirill Kaprizov
Extra Defensemen
Normal : Michal Jordan, Griffin Reinhart, Niklas Hansson - PP : Jake Walman - PK : John Draeger, Niklas Hansson
Penalty Shots
Tanner Laczynski, Tom Kuhnhackl, Quinton Howden, Elias Lindholm, Kirill Kaprizov
Scratches
Austin Poganski (Healthy), Connor Honey (Healthy), Dmytro Timashov (Healthy), Jerry D'Amigo (Suspend), Keaton Thompson (Healthy)
Kyle Platzer (Healthy), Lukas Vejdemo (Healthy), Michael McCarron (Healthy), Viktor Baldayev (Healthy), Calvin Thurkauf (Healthy)
Artur Kayumov (Healthy), Niklas Treutle (Healthy), Carter Hutton (Healthy)
% Time on Ice - Comets
Lines # - Real PCT - Wanted PCT - Time Play
Normal Forward
1 - 32% - 52% - 14:49
2 - 26% - 33% - 11:48
3 - 21% - 10% - 9:37
4 - 21% - 5% - 9:30
Normal Defense
1 - 36% - 40% - 16:30
2 - 33% - 30% - 15:05
3 - 23% - 20% - 10:22
4 - 8% - 10% - 3:47
PP Forward
1 - 55% - 60% - 3:15
2 - 45% - 40% - 2:42
PP Defense
1 - 66% - 60% - 3:55
2 - 34% - 40% - 2:02
PK Forward
1 - 70% - 60% - 4:41
2 - 30% - 40% - 2:02
PK Defense
1 - 71% - 60% - 4:45
2 - 29% - 40% - 1:58
PK3 Forward
1 - 72% - 60% - 1:09
2 - 28% - 40% - 0:27
PK3 Defense
1 - 45% - 60% - 0:43
2 - 55% - 40% - 0:53
44 Forward
1 - 0% - 60%
2 - 0% - 40%
44 Defense
1 - 0% - 60%
2 - 0% - 40%
Last Minute Offensive - 0:00
Last Minute Defensive - 0:00
Total
Forward - 60:00
Defense - 60:00
|
% Time on Ice - Thunderbirds
Lines # - Real PCT - Wanted PCT - Time Play
Normal Forward
1 - 32% - 40% - 14:36
2 - 26% - 30% - 11:57
3 - 24% - 20% - 11:02
4 - 18% - 10% - 8:09
Normal Defense
1 - 39% - 40% - 17:58
2 - 33% - 30% - 15:02
3 - 26% - 20% - 12:01
4 - 2% - 10% - 0:43
PP Forward
1 - 58% - 60% - 4:51
2 - 42% - 40% - 3:28
PP Defense
1 - 61% - 60% - 5:05
2 - 39% - 40% - 3:14
PK Forward
1 - 79% - 60% - 4:41
2 - 21% - 40% - 1:16
PK Defense
1 - 69% - 60% - 4:05
2 - 31% - 40% - 1:52
PK3 Forward
1 - 0% - 60%
2 - 0% - 40%
PK3 Defense
1 - 0% - 60%
2 - 0% - 40%
44 Forward
1 - 0% - 60%
2 - 0% - 40%
44 Defense
1 - 0% - 60%
2 - 0% - 40%
Last Minute Offensive - 0:00
Last Minute Defensive - 0:00
Total
Forward - 60:00
Defense - 60:00
|
Play-by-Play
1st period
0:01 of 1st period - Brendan Gaunce wins face-off versus Quinton Howden in neutral zone.
0:12 of 1st period - Wrist shot by Brendan Gaunce.
0:12 of 1st period - Shot Blocked by Griffin Reinhart.
0:26 of 1st period - Griffin Reinhart is hit by Justin Bailey and loses puck.
0:55 of 1st period - Wrist shot by Nicolas Petan.
0:55 of 1st period - Shot Misses the Net.
2:58 of 1st period - Wrist shot by Taylor Beck.
2:58 of 1st period - Shot Blocked by Valentin Zykov.
3:00 of 1st period - Wrist shot by Oliver Kylington.
3:00 of 1st period - Deflect By Christian Fischer.
3:00 of 1st period - Goal by Christian Fischer - Comets : 1 - Thunderbirds : 0.
3:01 of 1st period - Elias Lindholm wins face-off versus Taylor Beck in neutral zone.
3:04 of 1st period - Slapshot by Griffin Reinhart.
3:04 of 1st period - Stopped by Alexandar Georgiev without a rebound.
3:05 of 1st period - Elias Lindholm wins face-off versus Brendan Gaunce in Comets zone.
4:37 of 1st period - Snap shot by Juho Lammikko.
4:37 of 1st period - Shot Misses the Net.
4:49 of 1st period - Minor Penalty to Jordan Gross for High sticking.
4:50 of 1st period - Andrej Nestrasil wins face-off versus Quinton Howden in Comets zone.
5:21 of 1st period - Wiley Sherman is hit by Elias Lindholm and loses puck.
5:34 of 1st period - Snap shot by Nicolas Petan.
5:34 of 1st period - Stopped by Igor Bobkov without a rebound.
5:35 of 1st period - Quinton Howden wins face-off versus Nicolas Petan in Thunderbirds zone.
6:09 of 1st period - Hudson Fasching is hit by Kurtis Macdermid and loses puck.
6:49 of 1st period - Penalty to Jordan Gross is over, Jordan Gross is back on ice.
7:19 of 1st period - Slapshot by Andrej Nestrasil.
7:19 of 1st period - Deflect By Taylor Beck.
7:19 of 1st period - Shot Misses the Net.
7:19 of 1st period - Puck is out of play.
7:20 of 1st period - Valentin Zykov wins face-off versus Nicolas Petan in Thunderbirds zone.
7:45 of 1st period - Juho Lammikko is hit by Matt Puempel and loses puck.
7:52 of 1st period - Slapshot by Phil Di Giuseppe.
7:52 of 1st period - Goal by Phil Di Giuseppe - Comets : 2 - Thunderbirds : 0.
7:53 of 1st period - Quinton Howden wins face-off versus Brendan Gaunce in neutral zone.
7:58 of 1st period - Wrist shot by Valentin Zykov.
7:58 of 1st period - Stopped by Alexandar Georgiev without a rebound.
7:59 of 1st period - Brendan Gaunce wins face-off versus Quinton Howden in Comets zone.
8:34 of 1st period - Slapshot by Griffin Reinhart.
8:34 of 1st period - Deflect By Kirill Kaprizov.
8:34 of 1st period - Stopped by Alexandar Georgiev with a rebound.
8:46 of 1st period - Snap shot by Joshua Leivo.
8:46 of 1st period - Shot Misses the Net.
9:27 of 1st period - Tom Kuhnhackl is hit by Christian Fischer and loses puck.
9:36 of 1st period - Slapshot by Quinton Howden.
9:36 of 1st period - Shot Blocked by Taylor Beck.
9:44 of 1st period - Kurtis Macdermid is hit by Elias Lindholm and loses puck.
10:01 of 1st period - Snap shot by Taylor Beck.
10:01 of 1st period - Stopped by Igor Bobkov with a rebound.
10:03 of 1st period - Wrist shot by Taylor Beck.
10:03 of 1st period - Shot Misses the Net.
10:05 of 1st period - Wrist shot by Christian Fischer.
10:05 of 1st period - Goal by Christian Fischer - Comets : 3 - Thunderbirds : 0.
10:06 of 1st period - Valentin Zykov wins face-off versus Andrej Nestrasil in neutral zone.
10:33 of 1st period - Elias Lindholm is hit by Taylor Beck and loses puck.
10:58 of 1st period - Nicklas Jensen is hit by William Lagesson and loses puck.
11:40 of 1st period - Wrist shot by Justin Bailey.
11:40 of 1st period - Stopped by Igor Bobkov without a rebound.
11:41 of 1st period - Quinton Howden wins face-off versus Andrej Nestrasil in Thunderbirds zone.
12:04 of 1st period - Wrist shot by Andrej Nestrasil.
12:04 of 1st period - Shot Blocked by John Draeger.
12:27 of 1st period - Tom Kuhnhackl is hit by Andrej Nestrasil.
12:35 of 1st period - Snap shot by Valentin Zykov.
12:35 of 1st period - Shot Misses the Net.
12:37 of 1st period - Snap shot by Valentin Zykov.
12:37 of 1st period - Goal by Valentin Zykov - Comets : 3 - Thunderbirds : 1.
12:38 of 1st period - Brendan Gaunce wins face-off versus Elias Lindholm in neutral zone.
12:49 of 1st period - Wrist shot by Brendan Gaunce.
12:49 of 1st period - Stopped by Igor Bobkov with a rebound.
12:51 of 1st period - Slapshot by Wiley Sherman.
12:51 of 1st period - Stopped by Igor Bobkov without a rebound.
12:52 of 1st period - Mitchell Heard wins face-off versus Brendan Gaunce in Thunderbirds zone.
12:52 of 1st period - Mitchell Heard is hit by Taylor Beck.
13:03 of 1st period - Minor Penalty to Seth Helgeson for Interference.
13:04 of 1st period - Quinton Howden wins face-off versus Andrej Nestrasil in Comets zone.
13:09 of 1st period - Slapshot by Quinton Howden.
13:09 of 1st period - Stopped by Alexandar Georgiev without a rebound.
13:10 of 1st period - Andrej Nestrasil wins face-off versus Valentin Zykov in Comets zone.
14:02 of 1st period - Elias Lindholm is hit by Kurtis Macdermid and loses puck.
14:10 of 1st period - Nicolas Petan is hit by John Draeger and loses puck.
15:02 of 1st period - Quinton Howden is hit by Joshua Leivo and loses puck.
15:03 of 1st period - Penalty to Seth Helgeson is over, Seth Helgeson is back on ice.
15:23 of 1st period - Snap shot by Matt Puempel.
15:23 of 1st period - Shot Misses the Net.
16:38 of 1st period - Off-side.
16:39 of 1st period - Brendan Gaunce wins face-off versus Mitchell Heard in neutral zone.
16:57 of 1st period - Icing by Griffin Reinhart.
16:58 of 1st period - Elias Lindholm wins face-off versus Dennis Everberg in Thunderbirds zone.
16:58 of 1st period - Elias Lindholm is hit by Dennis Everberg.
17:06 of 1st period - Wrist shot by Kirill Kaprizov.
17:06 of 1st period - Stopped by Alexandar Georgiev without a rebound.
17:07 of 1st period - Quinton Howden wins face-off versus Brendan Gaunce in Comets zone.
17:12 of 1st period - Snap shot by Tom Kuhnhackl.
17:12 of 1st period - Stopped by Alexandar Georgiev with a rebound.
17:32 of 1st period - Wiley Sherman is hit by Hudson Fasching and loses puck.
17:39 of 1st period - Wrist shot by Andrej Nestrasil.
17:39 of 1st period - Shot Misses the Net.
17:53 of 1st period - Snap shot by Mitchell Heard.
17:53 of 1st period - Deflect By Tanner Laczynski.
17:53 of 1st period - Shot Blocked by Nicolas Petan.
17:53 of 1st period - Nicolas Petan from Comets is injured at 17:53 of 1st period (Sprained Left Knee).
17:54 of 1st period - Quinton Howden wins face-off versus Brendan Gaunce in Comets zone.
18:20 of 1st period - Dennis Everberg is hit by Kirill Kaprizov and loses puck.
19:08 of 1st period - Slapshot by Tyler Graovac.
19:08 of 1st period - Stopped by Igor Bobkov without a rebound.
19:09 of 1st period - Quinton Howden wins face-off versus Andrej Nestrasil in Thunderbirds zone.
19:11 of 1st period - Minor Penalty to Quinton Howden for High sticking.
19:12 of 1st period - Kirill Kaprizov wins face-off versus Brendan Gaunce in Thunderbirds zone.
19:28 of 1st period - Wrist shot by Brendan Gaunce.
19:28 of 1st period - Shot Misses the Net.
Goals for this period are 3 for Comets vs 1 for Thunderbirds.
Shots for this period are 9 for Comets vs 7 for Thunderbirds.
2nd period
0:01 of 2nd period - Brendan Gaunce wins face-off versus Kirill Kaprizov in neutral zone.
0:05 of 2nd period - Off-side.
0:06 of 2nd period - Brendan Gaunce wins face-off versus Kirill Kaprizov in neutral zone.
0:23 of 2nd period - Niklas Hansson is hit by Taylor Beck and loses puck.
0:46 of 2nd period - Elias Lindholm is hit by Andrej Nestrasil and loses puck.
0:58 of 2nd period - Off-side.
0:59 of 2nd period - Elias Lindholm wins face-off versus Andrej Nestrasil in neutral zone.
1:11 of 2nd period - Penalty to Quinton Howden is over, Quinton Howden is back on ice.
2:06 of 2nd period - Slapshot by Valentin Zykov.
2:06 of 2nd period - Shot Misses the Net.
2:24 of 2nd period - Wrist shot by Hudson Fasching.
2:24 of 2nd period - Shot Misses the Net.
2:36 of 2nd period - Wrist shot by Teemu Pulkkinen.
2:36 of 2nd period - Stopped by Igor Bobkov with a rebound.
2:57 of 2nd period - Snap shot by Tanner Laczynski.
2:57 of 2nd period - Shot Misses the Net.
2:59 of 2nd period - Snap shot by Clayton Keller.
2:59 of 2nd period - Stopped by Alexandar Georgiev with a rebound.
3:01 of 2nd period - Slapshot by Griffin Reinhart.
3:01 of 2nd period - Goal by Griffin Reinhart - Comets : 3 - Thunderbirds : 2.
3:02 of 2nd period - Brendan Gaunce wins face-off versus Quinton Howden in neutral zone.
3:27 of 2nd period - Hudson Fasching is hit by Andrej Nestrasil and loses puck.
3:32 of 2nd period - Wrist shot by Andrej Nestrasil.
3:32 of 2nd period - Shot Blocked by Elias Lindholm.
3:34 of 2nd period - Slapshot by Justin Bailey.
3:34 of 2nd period - Stopped by Igor Bobkov with a rebound.
3:36 of 2nd period - Slapshot by Justin Bailey.
3:36 of 2nd period - Shot Misses the Net.
3:48 of 2nd period - Wrist shot by Mitchell Heard.
3:48 of 2nd period - Stopped by Alexandar Georgiev with a rebound.
3:50 of 2nd period - Slapshot by John Draeger.
3:50 of 2nd period - Stopped by Alexandar Georgiev without a rebound.
3:51 of 2nd period - Brendan Gaunce wins face-off versus Mitchell Heard in Comets zone.
3:59 of 2nd period - Icing by Nicklas Jensen.
4:00 of 2nd period - Mitchell Heard wins face-off versus Brendan Gaunce in Thunderbirds zone.
4:06 of 2nd period - Slapshot by Niklas Hansson.
4:06 of 2nd period - Shot Misses the Net.
4:08 of 2nd period - Slapshot by Niklas Hansson.
4:08 of 2nd period - Shot Misses the Net.
4:30 of 2nd period - Wrist shot by Matt Puempel.
4:30 of 2nd period - Stopped by Alexandar Georgiev with a rebound.
4:32 of 2nd period - Snap shot by Griffin Reinhart.
4:32 of 2nd period - Stopped by Alexandar Georgiev without a rebound.
4:33 of 2nd period - Dennis Everberg wins face-off versus Quinton Howden in Comets zone.
4:40 of 2nd period - Quinton Howden is hit by Justin Bailey and loses puck.
4:59 of 2nd period - Michal Jordan is hit by Kurtis Macdermid and loses puck.
5:04 of 2nd period - Wrist shot by Brendan Gaunce.
5:04 of 2nd period - Shot Misses the Net.
5:06 of 2nd period - Backhand shot by Brendan Gaunce.
5:06 of 2nd period - Shot Misses the Net.
5:08 of 2nd period - Snap shot by Wiley Sherman.
5:08 of 2nd period - Stopped by Igor Bobkov with a rebound.
5:18 of 2nd period - Wrist shot by Juho Lammikko.
5:18 of 2nd period - Shot Misses the Net.
5:26 of 2nd period - Snap shot by Hudson Fasching.
5:26 of 2nd period - Shot Misses the Net.
5:28 of 2nd period - Wrist shot by Kirill Kaprizov.
5:28 of 2nd period - Shot Misses the Net.
5:30 of 2nd period - Snap shot by Kirill Kaprizov.
5:30 of 2nd period - Stopped by Alexandar Georgiev without a rebound.
5:31 of 2nd period - Andrej Nestrasil wins face-off versus Quinton Howden in Comets zone.
6:44 of 2nd period - Snap shot by Phil Di Giuseppe.
6:44 of 2nd period - Shot Misses the Net.
6:46 of 2nd period - Slapshot by Phil Di Giuseppe.
6:46 of 2nd period - Deflect By Tyler Graovac.
6:46 of 2nd period - Stopped by Igor Bobkov without a rebound.
6:47 of 2nd period - Quinton Howden wins face-off versus Brendan Gaunce in Thunderbirds zone.
7:19 of 2nd period - Snap shot by Hudson Fasching.
7:19 of 2nd period - Stopped by Alexandar Georgiev without a rebound.
7:20 of 2nd period - Quinton Howden wins face-off versus Brendan Gaunce in Comets zone.
7:21 of 2nd period - Wrist shot by Valentin Zykov.
7:21 of 2nd period - Deflect By Tom Kuhnhackl.
7:21 of 2nd period - Stopped by Alexandar Georgiev with a rebound.
8:09 of 2nd period - Snap shot by Phil Di Giuseppe.
8:09 of 2nd period - Shot Misses the Net.
8:26 of 2nd period - Off-side.
8:27 of 2nd period - Brendan Gaunce wins face-off versus Tanner Laczynski in neutral zone.
8:52 of 2nd period - John Draeger is hit by Justin Bailey and loses puck.
8:59 of 2nd period - Wrist shot by Dennis Everberg.
8:59 of 2nd period - Stopped by Igor Bobkov with a rebound.
9:05 of 2nd period - Minor Penalty to Roberts Lipsbergs for Holding.
9:06 of 2nd period - Brendan Gaunce wins face-off versus Quinton Howden in Thunderbirds zone.
9:16 of 2nd period - Off-side.
9:17 of 2nd period - Quinton Howden wins face-off versus Brendan Gaunce in neutral zone.
9:20 of 2nd period - Snap shot by Tom Kuhnhackl.
9:20 of 2nd period - Stopped by Alexandar Georgiev with a rebound.
9:22 of 2nd period - Snap shot by Quinton Howden.
9:22 of 2nd period - Stopped by Alexandar Georgiev with a rebound.
11:05 of 2nd period - Penalty to Roberts Lipsbergs is over, Roberts Lipsbergs is back on ice.
11:15 of 2nd period - Snap shot by Matt Puempel.
11:15 of 2nd period - Stopped by Alexandar Georgiev with a rebound.
11:17 of 2nd period - Slapshot by Michal Jordan.
11:17 of 2nd period - Stopped by Alexandar Georgiev without a rebound.
11:18 of 2nd period - Andrej Nestrasil wins face-off versus Tanner Laczynski in Comets zone.
11:33 of 2nd period - Snap shot by Roberts Lipsbergs.
11:33 of 2nd period - Shot Misses the Net.
12:29 of 2nd period - Andrej Nestrasil is hit by Niklas Hansson and loses puck.
13:17 of 2nd period - Off-side.
13:18 of 2nd period - Quinton Howden wins face-off versus Brendan Gaunce in neutral zone.
13:21 of 2nd period - Slapshot by Griffin Reinhart.
13:21 of 2nd period - Shot Blocked by Seth Helgeson.
14:19 of 2nd period - Valentin Zykov is hit by Phil Di Giuseppe.
14:50 of 2nd period - Snap shot by Hudson Fasching.
14:50 of 2nd period - Shot Misses the Net.
14:58 of 2nd period - Icing by Griffin Reinhart.
14:59 of 2nd period - Kirill Kaprizov wins face-off versus Andrej Nestrasil in Thunderbirds zone.
15:07 of 2nd period - Minor Penalty to Seth Helgeson for Roughing.
15:08 of 2nd period - Quinton Howden wins face-off versus Andrej Nestrasil in Comets zone.
15:45 of 2nd period - Slapshot by Griffin Reinhart.
15:45 of 2nd period - Stopped by Alexandar Georgiev without a rebound.
15:46 of 2nd period - Valentin Zykov wins face-off versus Andrej Nestrasil in Comets zone.
15:55 of 2nd period - Snap shot by Quinton Howden.
15:55 of 2nd period - Stopped by Alexandar Georgiev with a rebound.
15:57 of 2nd period - Snap shot by Quinton Howden.
15:57 of 2nd period - Shot Blocked by Oliver Kylington.
15:59 of 2nd period - Slapshot by Michal Jordan.
15:59 of 2nd period - Shot Misses the Net.
16:01 of 2nd period - Slapshot by Michal Jordan.
16:01 of 2nd period - Shot Misses the Net.
16:11 of 2nd period - Oliver Kylington is hit by John Draeger and loses puck.
16:18 of 2nd period - Wrist shot by Kirill Kaprizov.
16:18 of 2nd period - Shot Misses the Net.
17:05 of 2nd period - Icing by John Draeger.
17:06 of 2nd period - Quinton Howden wins face-off versus Axel Holmstrom in Thunderbirds zone.
17:07 of 2nd period - Penalty to Seth Helgeson is over, Seth Helgeson is back on ice.
17:15 of 2nd period - Axel Holmstrom is hit by Hudson Fasching.
17:19 of 2nd period - Snap shot by Seth Helgeson.
17:19 of 2nd period - Stopped by Igor Bobkov with a rebound.
17:35 of 2nd period - Brendan Gaunce is hit by Mitchell Heard and loses puck.
17:57 of 2nd period - Backhand shot by Mitchell Heard.
17:57 of 2nd period - Shot Misses the Net.
17:59 of 2nd period - Wrist shot by Tanner Laczynski.
17:59 of 2nd period - Shot Blocked by Juuso Riikola.
18:01 of 2nd period - Slapshot by Nelson Nogier.
18:01 of 2nd period - Shot Misses the Net.
18:03 of 2nd period - Slapshot by Nelson Nogier.
18:03 of 2nd period - Deflect By Clayton Keller.
18:03 of 2nd period - Stopped by Alexandar Georgiev with a rebound.
18:05 of 2nd period - Snap shot by Jake Walman.
18:05 of 2nd period - Shot Misses the Net.
18:07 of 2nd period - Snap shot by Roberts Lipsbergs.
18:07 of 2nd period - Stopped by Alexandar Georgiev without a rebound.
18:08 of 2nd period - Quinton Howden wins face-off versus Brendan Gaunce in Comets zone.
18:41 of 2nd period - Wrist shot by Mitchell Heard.
18:41 of 2nd period - Shot Misses the Net.
18:43 of 2nd period - Wrist shot by Nicklas Jensen.
18:43 of 2nd period - Stopped by Alexandar Georgiev without a rebound.
18:44 of 2nd period - Quinton Howden wins face-off versus Andrej Nestrasil in Comets zone.
19:09 of 2nd period - Brendan Gaunce is hit by Griffin Reinhart and loses puck.
19:32 of 2nd period - Snap shot by Juho Lammikko.
19:32 of 2nd period - Stopped by Igor Bobkov with a rebound.
Goals for this period are 0 for Comets vs 1 for Thunderbirds.
Shots for this period are 7 for Comets vs 18 for Thunderbirds.
3rd period
0:01 of 3rd period - Brendan Gaunce wins face-off versus Quinton Howden in neutral zone.
0:06 of 3rd period - Slapshot by Seth Helgeson.
0:06 of 3rd period - Shot Misses the Net.
0:08 of 3rd period - Snap shot by Seth Helgeson.
0:08 of 3rd period - Shot Blocked by Griffin Reinhart.
0:10 of 3rd period - Snap shot by Brendan Gaunce.
0:10 of 3rd period - Shot Misses the Net.
1:08 of 3rd period - Tyler Graovac is hit by John Draeger.
1:20 of 3rd period - Juho Lammikko is hit by Tanner Laczynski and loses puck.
1:31 of 3rd period - Juho Lammikko is hit by Quinton Howden.
1:37 of 3rd period - Jake Walman is hit by Tyler Graovac and loses puck.
2:01 of 3rd period - Wrist shot by Tyler Graovac.
2:01 of 3rd period - Shot Blocked by Elias Lindholm.
2:18 of 3rd period - Off-side.
2:19 of 3rd period - Brendan Gaunce wins face-off versus Quinton Howden in neutral zone.
2:21 of 3rd period - Off-side.
2:22 of 3rd period - Quinton Howden wins face-off versus Brendan Gaunce in neutral zone.
2:38 of 3rd period - Slapshot by Quinton Howden.
2:38 of 3rd period - Stopped by Alexandar Georgiev with a rebound.
2:53 of 3rd period - Minor Penalty to Kurtis Macdermid for Interference.
2:54 of 3rd period - Quinton Howden wins face-off versus Andrej Nestrasil in Comets zone.
3:04 of 3rd period - Slapshot by Griffin Reinhart.
3:04 of 3rd period - Stopped by Alexandar Georgiev with a rebound.
3:06 of 3rd period - Snap shot by Valentin Zykov.
3:06 of 3rd period - Shot Blocked by Wiley Sherman.
3:08 of 3rd period - Wrist shot by Quinton Howden.
3:08 of 3rd period - Stopped by Alexandar Georgiev with a rebound.
3:16 of 3rd period - Minor Penalty to Taylor Beck for Interference.
3:17 of 3rd period - Andrej Nestrasil wins face-off versus Quinton Howden in Comets zone.
3:24 of 3rd period - Slapshot by Seth Helgeson.
3:24 of 3rd period - Stopped by Igor Bobkov without a rebound.
3:25 of 3rd period - Andrej Nestrasil wins face-off versus Valentin Zykov in Thunderbirds zone.
3:28 of 3rd period - Wrist shot by Andrej Nestrasil.
3:28 of 3rd period - Stopped by Igor Bobkov with a rebound.
3:48 of 3rd period - Andrej Nestrasil is hit by Tom Kuhnhackl and loses puck.
3:57 of 3rd period - Wrist shot by Valentin Zykov.
3:57 of 3rd period - Shot Misses the Net.
3:59 of 3rd period - Wrist shot by Valentin Zykov.
3:59 of 3rd period - Stopped by Alexandar Georgiev without a rebound.
4:00 of 3rd period - Andrej Nestrasil wins face-off versus Elias Lindholm in Comets zone.
4:13 of 3rd period - Backhand shot by Michal Jordan.
4:13 of 3rd period - Stopped by Alexandar Georgiev with a rebound.
4:53 of 3rd period - Penalty to Kurtis Macdermid is over, Kurtis Macdermid is back on ice.
5:16 of 3rd period - Penalty to Taylor Beck is over, Taylor Beck is back on ice.
5:31 of 3rd period - Wrist shot by Taylor Beck.
5:31 of 3rd period - Shot Misses the Net.
5:43 of 3rd period - Snap shot by Nicklas Jensen.
5:43 of 3rd period - Stopped by Alexandar Georgiev with a rebound.
6:06 of 3rd period - Wrist shot by Teemu Pulkkinen.
6:06 of 3rd period - Stopped by Igor Bobkov with a rebound.
7:22 of 3rd period - Slapshot by Kirill Kaprizov.
7:22 of 3rd period - Stopped by Alexandar Georgiev without a rebound.
7:23 of 3rd period - Brendan Gaunce wins face-off versus Elias Lindholm in Comets zone.
8:22 of 3rd period - Joshua Leivo is hit by Clayton Keller and loses puck.
8:29 of 3rd period - Teemu Pulkkinen is hit by John Draeger and loses puck.
8:54 of 3rd period - Roberts Lipsbergs is hit by Oliver Kylington.
9:09 of 3rd period - Off-side.
9:10 of 3rd period - Quinton Howden wins face-off versus Andrej Nestrasil in neutral zone.
9:23 of 3rd period - Wrist shot by Valentin Zykov.
9:23 of 3rd period - Stopped by Alexandar Georgiev with a rebound.
9:37 of 3rd period - Griffin Reinhart is hit by Tyler Graovac and loses puck.
9:46 of 3rd period - Kurtis Macdermid is hit by Elias Lindholm and loses puck.
10:06 of 3rd period - Andrej Nestrasil is hit by Jake Walman and loses puck.
10:35 of 3rd period - Juho Lammikko is hit by Valentin Zykov and loses puck.
12:32 of 3rd period - Juuso Riikola is hit by Valentin Zykov.
12:42 of 3rd period - Nicklas Jensen is hit by Jordan Gross and loses puck.
13:09 of 3rd period - Snap shot by Hudson Fasching.
13:09 of 3rd period - Stopped by Alexandar Georgiev without a rebound.
13:10 of 3rd period - Quinton Howden wins face-off versus Andrej Nestrasil in Comets zone.
13:45 of 3rd period - Wrist shot by Phil Di Giuseppe.
13:45 of 3rd period - Goal by Phil Di Giuseppe - Comets : 4 - Thunderbirds : 2.
13:46 of 3rd period - Brendan Gaunce wins face-off versus Quinton Howden in neutral zone.
13:53 of 3rd period - Snap shot by Taylor Beck.
13:53 of 3rd period - Shot Blocked by Tom Kuhnhackl.
13:55 of 3rd period - Snap shot by Brendan Gaunce.
13:55 of 3rd period - Stopped by Igor Bobkov with a rebound.
13:57 of 3rd period - Slapshot by Christian Fischer.
13:57 of 3rd period - Shot Misses the Net.
13:59 of 3rd period - Snap shot by Seth Helgeson.
13:59 of 3rd period - Stopped by Igor Bobkov without a rebound.
14:00 of 3rd period - Quinton Howden wins face-off versus Brendan Gaunce in Thunderbirds zone.
14:00 of 3rd period - Quinton Howden is hit by Brendan Gaunce.
14:05 of 3rd period - Off-side.
14:06 of 3rd period - Quinton Howden wins face-off versus Brendan Gaunce in neutral zone.
14:08 of 3rd period - Griffin Reinhart is hit by Christian Fischer and loses puck.
14:19 of 3rd period - Snap shot by Brendan Gaunce.
14:19 of 3rd period - Deflect By Taylor Beck.
14:19 of 3rd period - Stopped by Igor Bobkov with a rebound.
14:21 of 3rd period - Snap shot by Christian Fischer.
14:21 of 3rd period - Shot Misses the Net.
14:27 of 3rd period - Minor Penalty to Valentin Zykov for Interference.
14:28 of 3rd period - Quinton Howden wins face-off versus Brendan Gaunce in Thunderbirds zone.
15:19 of 3rd period - Griffin Reinhart is hit by Brendan Gaunce and loses puck.
15:36 of 3rd period - Tom Kuhnhackl is hit by Seth Helgeson and loses puck.
16:27 of 3rd period - Penalty to Valentin Zykov is over, Valentin Zykov is back on ice.
17:14 of 3rd period - Dennis Everberg is hit by Quinton Howden and loses puck.
17:25 of 3rd period - Matt Puempel is hit by Phil Di Giuseppe and loses puck.
17:54 of 3rd period - Seth Helgeson is hit by Tanner Laczynski and loses puck.
18:45 of 3rd period - Matt Puempel is hit by Oliver Kylington and loses puck.
19:40 of 3rd period - Kurtis Macdermid is hit by Kirill Kaprizov and loses puck.
Goals for this period are 1 for Comets vs 0 for Thunderbirds.
Shots for this period are 7 for Comets vs 9 for Thunderbirds.